 Dungeon Crawl Stone Soup version 0.29.0-11-gd7f09526c8 (webtiles) character file.

Game seed: 16929204634067870637

42 SensoryNuts the Covered (level 3, -4/23 HPs)
             Began as a Tengu Fighter on Sept 2, 2022.
             Succumbed to Sigmund's poison
             ... on level 2 of the Dungeon.
             The game lasted 00:01:08 (1733 turns).

SensoryNuts the Covered (Tengu Fighter)             Turns: 1733, Time: 00:01:09

Health: -4/23      AC:  7    Str: 16    XL:     3   Next: 54%
Magic:  4/4        EV:  9    Int:  8    God:
Gold:   41         SH:  5    Dex: 15    Spells: 2/2 levels left

rFire   . . .      SeeInvis .   a - +0 rapier
rCold   . . .      Faith    .   c - +0 buckler
rNeg    . . .      Spirit   .   b - +0 scale mail
rPois   .          Reflect  .   (helmet restricted)
rElec   .          Harm     .   (no cloak)
rCorr   .          Rampage  .   (no gloves)
Will    .....                   (boots unavailable)
Stlth   ..........              (no amulet)
HPRegen 0.07/turn               (no ring)
MPRegen 0.09/turn               (no ring)

@: mighty, lethally poisoned (-4 -> -37)
A: beak, talons 3
a: no special abilities


You were on level 2 of the Dungeon.
You visited 1 branch of the dungeon, and saw 2 of its levels.

You collected 41 gold pieces.

Inventory:

Hand Weapons
 a - a +0 rapier (weapon)
Armour
 b - a +0 scale mail (worn)
 c - a +0 buckler (worn)
Jewellery
 j - a ring of fire
Scrolls
 f - 3 scrolls of summoning {unknown}
 h - a scroll of enchant armour {unknown}
 i - a scroll of enchant weapon {unknown}
Potions
 e - a potion of curing {unknown}
 g - a potion of magic


   Skills:
 + Level 3.3 Fighting
 + Level 2.3(2.5) Short Blades
 * Level 1.4(2.1) Long Blades
 + Level 3.8 Armour
 + Level 0.4 Dodging
 + Level 3.2 Shields


You had 2 spell levels left.
You didn't know any spells.
Your spell library contained the following spells:

 Spells                   Type           Power      Damage    Failure   Level
 Necrotise                Necr           0%         1d4       89%         1
 Vampiric Draining        Necr           0%         2d6       99%         3
 Agony                    Necr           0%         N/A       100%        5


Dungeon Overview and Level Annotations

Branches:
Dungeon (2/15)

Altars:

Annotations:
D:2 Sigmund


Innate Abilities, Weirdness & Mutations

You have a beak for a mouth.
You have claws for feet.


Message History

You closely miss the bat. Your kick misses the bat.
The bat hits you but does no damage. x2; You block Sigmund's attack.
Found a faded altar of an unknown god.
The bat barely misses you. x2
You block Sigmund's attack.
You hit Sigmund but do no damage. The bat hits you but does no damage.
You block the bat's attack.
You hit Sigmund.
Sigmund is lightly wounded.
The bat hits you but does no damage. You block the bat's attack.
Sigmund barely misses you.
There are monsters nearby!
There are monsters nearby!
You feel very mighty all of a sudden.
Sigmund mumbles some strange words.
Sigmund flickers and vanishes!
Deactivating autopickup; reactivate with Ctrl-A.
The bat hits you but does no damage. x2
You closely miss something. The bat completely misses you.
The bat barely misses you. Something hits you but does no damage.
You are poisoned.
You puncture something! Your kick misses something. You peck something!
You feel very sick. The bat hits you but does no damage.
You block the bat's attack. x2
The bat hits you but does no damage. Something hits you.
You miss something. Your kick misses something. Your peck misses something.
You feel sick. The bat hits you but does no damage. x2
The bat closely misses you.
You closely miss something.
You feel sick. The bat hits you but does no damage. x2
Something hits you.
You are more poisoned.
You block the bat's attack.
You miss something.
You feel very sick. The bat hits you but does no damage. The bat misses you.
The bat barely misses you. Something hits you!
* * * LOW HITPOINT WARNING * * *
You are more poisoned.
Unknown command.
It was a potion of magic.
Magic courses through your body.
You die...

...............
............... #######
.............. #......
.....>....... #......
.........# #......
#b......# #......
#..{....# #......
.⌠#...@...#######......
.......?b...............
_.⌠........#############
...#.......# ##
........##+# ..
#........ #........
#........ #+#####


You could see 2 bats.

Vanquished Creatures
  A worm (D:2)
  5 endoplasms
  A giant cockroach (D:1)
  4 goblins (D:1)
  2 hobgoblins
  5 jackals
  3 kobolds (D:1)
  3 quokkas (D:1)
  3 bats (D:1)
  2 frilled lizards (D:1)
  4 rats
33 creatures vanquished.

Notes
Turn   | Place    | Note
-------+----------+-------------------------------------------
     0 | D:1      | SensoryNuts the Tengu Fighter began the quest for the Orb.
     0 | D:1      | Reached XP level 1. HP: 14/14 MP: 2/2
   360 | D:1      | Reached XP level 2. HP: 19/19 MP: 3/3
   600 | D:1      | Reached skill level 1 in Long Blades
   861 | D:1      | Reached XP level 3. HP: 20/23 MP: 4/4
  1719 | D:2      | Noticed Sigmund
  1724 | D:2      | Found a faded altar of an unknown god.
  1733 | D:2      | Succumbed to Sigmund's poison

Illustrated notes

Levels and vault maps discovered:
D:1:      sevenhm_arrival_forest_fort_small_6, layout_loops_cross,
          glass_columns_a, st_stairs_4
D:2:      layout_basic, hellmonk_ecumenical_altar_run_dry,
          minmay_joined_circles, uniq_sigmund

Skill      XL: |  1  2 |
---------------+-------+-----
Long Blades    | 1 |  1.4
Fighting       | |  3.3
Short Blades   | |  2.3
Armour         | |  3.8
Dodging        | |  0.4
Shields        | |  3.2

Action                   || total
-------------------------++-------
Melee: Rapier            ||    76
       Kick              ||    12
       Peck              ||    12
  Use: Potion            ||     2
Armor: Scale mail        ||    58
Dodge: Dodged            ||    44
Block: Buckler           ||    36
